 Dungeon Crawl Stone Soup version 0.29-a0-82-g837932c90e (webtiles) character file.

Game seed: 17679392336352087675

299 lordive the Sneak (level 6, -1/30 HPs)
             Began as a Spriggan Enchanter on Feb 5, 2022.
             Splashed by a jelly's acid (7 damage)
             ... on level 4 of the Dungeon.
             The game lasted 00:04:32 (2869 turns).

lordive the Sneak (Spriggan Enchanter)              Turns: 2869, Time: 00:04:32

Health: -1/30      AC:  2    Str:  4    XL:     6   Next: 13%
Magic:  4/12       EV: 18    Int: 18    God:
Gold:   175        SH:  0    Dex: 16    Spells: 6/11 levels left

rFire   . . .      SeeInvis +   a - +1 dagger
rCold   . . .      Faith    .   (no shield)
rNeg    . . .      Spirit   .   b - +0 robe
rPois   .          Reflect  .   (helmet restricted)
rElec   .          Harm     .   (no cloak)
rCorr   .          Rampage  .   (gloves unavailable)
Will    +....                   (boots unavailable)
Stlth   +++.......              (no amulet)
HPRegen 0.10/turn               (no ring)
MPRegen 0.13/turn               (no ring)

@: very slightly contaminated, very quick
A: very small, no large weapons, unfitting armour, see invisible, speed 3
a: no special abilities


You were on level 4 of the Dungeon.
You visited 1 branch of the dungeon, and saw 4 of its levels.

You collected 175 gold pieces.

Inventory:

Hand Weapons
 a - a +1 dagger (weapon)
Armour
 b - a +0 robe (worn)
Scrolls
 e - a scroll of teleportation {unknown}
 f - a scroll of enchant armour {unknown}
 h - a scroll of identify {unknown}
 i - a scroll of amnesia {unknown}
Potions
 c - a potion of invisibility
 d - a potion of curing {unknown}
 g - a potion of attraction {unknown}
 j - a potion of flight {unknown}


   Skills:
 * Level 1.4 Fighting
 * Level 2.7 Short Blades
 * Level 1.2 Armour
 * Level 3.8 Dodging
 + Level 6.1 Stealth
 + Level 3.3 Spellcasting
 * Level 4.6 Hexes
 + Level 1.0 Ice Magic


You had 6 spell levels left.
You knew the following spells:

 Your Spells              Type           Power      Damage    Failure   Level
a - Ensorcelled Hibernat  Hex/Ice        26%        N/A       8%          2
b - Confusing Touch       Hex            19%        N/A       7%          3

Your spell library contained the following spells:

 Spells                   Type           Power      Damage    Failure   Level
 Tukima's Dance           Hex            19%        N/A       7%          3
 Dazzling Flash           Conj/Hex       22%        N/A       19%         3


Dungeon Overview and Level Annotations

Branches:
Dungeon (4/15)
 Temple: D:4-7

Altars:
Ashenzari


Innate Abilities, Weirdness & Mutations

You are very small and have problems with some larger weapons.
You are too small for most types of armour.
You have supernaturally acute eyesight. (SInv)
You cover ground extremely quickly. (Speed+++)


Message History

An adder is nearby!
The adder resists with significant effort.
The adder completely misses you.
A jelly comes into view.
The adder completely misses you.
The adder resists with significant effort.
The jelly quivers.
The adder bites you.
You are poisoned.
The adder poisons you!
The adder looks drowsy...
You feel sick.
The helpless adder fails to defend itself.
You impale the adder!!
You kill the adder!
You feel sick. The jelly hits you.
You are splashed with acid!
Casting: Ensorcelled Hibernation (safe; 8% risk of failure)
Confirm with . or Enter, or press ? or * to list all spells.
You don't know that spell.
Unknown command.
Casting: Ensorcelled Hibernation (safe; 8% risk of failure)
Confirm with . or Enter, or press ? or * to list all spells.
The spell is quite dangerous to miscast (7% risk of failure)!
Continue anyway?
Okay, then.
You feel sick.
You feel sick.
Casting: Confusing Touch (quite dangerous; 7% risk of failure)
Confirm with . or Enter, or press ? or * to list all spells.
The spell is quite dangerous to miscast (7% risk of failure)!
Continue anyway?
You miscast Confusing Touch.
You are very lightly contaminated with residual magic.
Nothing appears to happen.
You feel sick.
You hit the jelly.
Your hands burn!
* * * LOW HITPOINT WARNING * * *
The jelly is lightly wounded.
You feel sick.
You are no longer poisoned.
The jelly hits you.
* * * LOW HITPOINT WARNING * * *
You are splashed with acid!
You die...

........#
#####.###+##...
>.......#
+..'.......#...
#####...#
#..#.......# ..
....#...#
#.)######..#
....#...# #..##
.##..#
....#...# #...#
.... #
....'...# #...#
...
....###+#...
#...# ..
............
#..@# .#
####........
#..J##.##..#
#........
#.....†....#
#........
#......#...#
#........
###....# .#
######...
###### ... ..


You could see a jelly.

Vanquished Creatures
  A necrophage (D:4)
  A scorpion (D:3)
  An iguana (D:4)
  2 orc wizards (D:3)
  A howler monkey skeleton (D:4)
  2 adders (D:4)
  An adder skeleton (D:4)
  7 orcs
  7 ball pythons
  2 bats (D:1)
  4 endoplasms
  A giant cockroach (D:1)
  4 goblins (D:1)
  5 hobgoblins
  A jackal (D:1)
  A kobold (D:2)
  3 quokkas
  2 rats
46 creatures vanquished.

Notes
Turn   | Place    | Note
-------+----------+-------------------------------------------
     0 | D:1      | lordive the Spriggan Enchanter began the quest for the Orb.
     0 | D:1      | Reached XP level 1. HP: 9/9 MP: 5/5
    75 | D:1      | Reached XP level 2. HP: 6/13 MP: 6/6
    78 | D:1      | Learned a level 2 spell: Ensorcelled Hibernation
   736 | D:1      | Found a faded altar of an unknown god.
   755 | D:1      | Reached skill level 5 in Stealth
  1381 | D:2      | Reached XP level 3. HP: 14/17 MP: 2/8
  1385 | D:2      | Learned a level 3 spell: Confusing Touch
  1529 | D:3      | Noticed a scorpion
  1587 | D:3      | Killed a scorpion
  1588 | D:3      | Reached skill level 1 in Fighting
  1588 | D:3      | Reached XP level 4. HP: 16/22 MP: 0/9
  1958 | D:3      | Reached XP level 5. HP: 15/25 MP: 3/10
  2259 | D:3      | Reached skill level 1 in Armour
  2428 | D:4      | Found a broken altar of Ashenzari.
  2538 | D:4      | Noticed a necrophage
  2545 | D:4      | Killed a necrophage
  2546 | D:4      | Reached skill level 6 in Stealth
  2546 | D:4      | Reached skill level 1 in Ice Magic
  2546 | D:4      | Reached XP level 6. HP: 30/30 MP: 11/11
  2869 | D:4      | Splashed by a jelly's acid

Illustrated notes

Levels and vault maps discovered:
D:1:      lightli_arrival_maybe_door_vault, layout_loops_ring,
          ebering_ecumenical_altar_sacrificial, kennysheep_another_room,
          minmay_tetromino_t2
D:2:      layout_rooms, serial_shops, shop
D:3:      layout_loops_ring, mainiacjoe_overflow_six_doors_small,
          lemuel_tele_altar, serial_shops, nicolae_shop_statue_plus
D:4:      layout_gridville, amcnicky_altar_gilded,
          minmay_temple_entry_proselytizer, ebering_ghost_sewer_d,
          lemuel_flame_loot_1

Skill      XL: |  1  2  3  4  5 |
---------------+----------------+-----
Stealth        | 5 6 |  6.1
Dodging        | 3 |  3.8
Hexes          | 4 |  4.6
Fighting       | 1 |  1.4
Spellcasting   | 3 |  3.3
Short Blades   | 2 |  2.7
Armour         | 1 |  1.2
Ice Magic      | 1 |  1.0

Action                   |  1- 3 |  4- 6 || total
-------------------------+-------+-------++-------
Melee: Dagger            |    66 |    55 ||   121
       Punch             |     1 |     2 ||     3
 Cast: Ensorcelled Hiber |    20 |    29 ||    49
       Confusing Touch   |       |     1 ||     1
 Stab: Sleeping          |    20 |    16 ||    36
       Confused          |       |     2 ||     2
Armor: Robe              |     6 |     2 ||     8
Dodge: Dodged            |    55 |    34 ||    89

Table legend: (Time is in decaauts)
 A = Elapsed time spent in this place.
 B = Non-inter-level travel time spent in this place.
 C = Inter-level travel time spent in this place.
 D = Time resting spent in this place.
 E = Time spent auto-exploring this place.
 F = Levels seen in this place.
 G = Mean time per level.
                   A        B        C        D        E       F      G
               +--------+--------+--------+--------+--------+-----+--------+
         Total |   2336 |   2299 |     37 |    258 |   1674 |   4 |  584.0 |
       Dungeon |   2336 |   2299 |     37 |    258 |   1674 |   4 |  584.0 |
               +--------+--------+--------+--------+--------+-----+--------+

Top non-repeatable levels by time:
     D:1: 1053 daAuts
     D:3: 680 daAuts
     D:4: 433 daAuts
     D:2: 168 daAuts
